 Dungeon Crawl Stone Soup version 0.22-a0-322-g60b3cfd (webtiles) character file.

1594 xccam the Cleaver (level 9, -2/64 HPs)
             Began as a Formicid Fighter on Apr 2, 2018.
             Slain by a wight
             ... wielding a +0 spear
              (5 damage)
             ... on level 7 of the Dungeon.
             The game lasted 00:07:52 (5675 turns).

xccam the Cleaver (Formicid Fighter)                Turns: 5675, Time: 00:07:53

Health: -2/64      AC: 11    Str: 23    XL:     9   Next: 15%
Magic:  9/9        EV:  8    Int:  8    God:
Gold:   231        SH: 10    Dex: 11    Spells: 8/8 levels left

rFire    + . .     SeeInvis +   a - +0 war axe
rCold    + . .     Gourm    .   c - +0 shield
rNeg     . . .     Faith    .   b - +0 scale mail
rPois    +         Spirit   .   (helmet unavailable)
rElec    +         Reflect  .   x - +2 cloak {MR+}
rCorr    +         Harm     .   q - +0 pair of gloves
MR       +....                  (no boots)
Stlth    ..........             (no amulet)
HPRegen  0.20/turn              g - ring of poison resistance
MPRegen  0.11/turn              (no ring)

@: resistant, flying, drained
A: permanent stasis, dig shafts and tunnels, four strong arms, antennae 3
a: Dig, Shaft Self


You were on level 7 of the Dungeon.
You were not hungry.

You visited 1 branch of the dungeon, and saw 7 of its levels.

You collected 231 gold pieces.

Inventory:

Hand Weapons
 a - a +0 war axe (weapon)
Armour
 b - a +0 scale mail (worn)
 c - a +0 shield (worn)
 i - a +0 plate armour
 q - a +0 pair of gloves (worn)
 x - a +2 cloak of magic resistance (worn)
Jewellery
 g - a ring of poison resistance (left hand)
Wands
 n - a wand of polymorph (18)
 t - a wand of digging (5)
 A - a wand of flame (20)
Scrolls
 d - a scroll of enchant armour {unknown}
 e - 2 scrolls of remove curse
 h - 4 scrolls of teleportation
 j - 3 scrolls of amnesia {unknown}
 k - 2 scrolls of blinking {unknown}
 l - a scroll of fear {unknown}
 m - 2 scrolls of fog {unknown}
 o - a scroll of magic mapping {unknown}
 s - 3 scrolls of identify {unknown}
 y - a scroll of enchant weapon {unknown}
Potions
 r - 3 potions of magic
 v - a potion of berserk rage {unknown}
 w - a potion of heal wounds {unknown}
 z - a potion of agility {unknown}
Comestibles
 f - 8 rations


   Skills:
 - Level 3.2(2.8) Fighting
 - Level 10.0(9.5) Axes
 - Level 3.2(2.8) Armour
 + Level 6.7(6.2) Shields


You had 8 spell levels left.
You didn't know any spells.

Dungeon Overview and Level Annotations

Branches:
Dungeon (7/15)
 Temple: D:4-7

Altars:
Hepliaklqana
Kikubaaqudgha
Makhleb
Qazlal
Ru
Sif Muna
Xom
Yredelemnul


Innate Abilities, Weirdness & Mutations

You cannot be hasted, slowed, berserked, paralysed or teleported.
You can dig through walls and to a lower floor.
Your four strong arms can wield two-handed weapons with a shield.
You have a pair of large antennae on your head. (SInv)


Message History

You hit the spriggan baker but do no damage.
The spriggan baker is lightly wounded.
The spriggan baker hits you with a dagger.
The wight closely misses you.
You miss the spriggan baker.
The spriggan baker is lightly wounded.
The spriggan baker hits you with a dagger!
* * * LOW HITPOINT WARNING * * *
The wight hits you from afar with a spear.
* * * LOW HITPOINT WARNING * * *
The spriggan baker hits you but does no damage.
It was a potion of flight.
You feel very buoyant.
You fly up into the air.
You block the wight's attack.
The spriggan baker hits you with a dagger!
* * * LOW HITPOINT WARNING * * *
It was a potion of resistance.
You feel protected.
The wight hits you from afar with a spear.
You die...

....# .#
####..###.#.#######
.{..# #.......#.#
o...# ####
#.......#.# )...#
#... #..####.#.#
....# #... #..#
#.#.# {...# #...
#..####.#.# ....#
#... #.......#.#
.......
#...###.#######.#
.#..#.#
#...zi@.........#
.{....#
#...###########
###{z.........
........... .......
....... .......
.......


You could see a spriggan baker and a wight.

Vanquished Creatures
  Grinder (D:6)
  Menkaure (D:7)
  A sky beast (D:5)
  An ogre (D:3)
  A centaur (D:6)
  A bullfrog (D:6)
  Blork the orc (D:6)
  A scorpion (D:4)
  A wight (D:7)
  A bullfrog zombie (D:6)
  2 crimson imps (D:5)
  4 hounds
  3 jellies
  2 orc wizards
  Crazy Yiuf (D:6)
  2 bullfrog skeletons
  2 iguanas
  Ijyb (D:4)
  A worker ant (D:4)
  A hound skeleton (D:4)
  A worker ant zombie (D:6)
  6 adders
  4 gnolls (D:5)
  2 shadow imps
  An adder skeleton (D:7)
  An adder zombie (D:7)
  2 worms
  3 dart slugs
  5 leopard geckos
  10 orcs
  9 bats
  4 giant cockroaches
  8 hobgoblins
  14 jackals
  A quokka (D:4)
  2 ball pythons
  3 frilled lizards
  9 goblins
  9 kobolds
  A leopard gecko zombie (D:4)
  A quokka zombie (D:7)
  5 rats
130 creatures vanquished.

Notes
Turn   | Place    | Note
-------+----------+-------------------------------------------
     0 | D:1      | xccam the Formicid Fighter began the quest for the Orb.
     0 | D:1      | Reached XP level 1. HP: 18/18 MP: 1/1
   133 | D:1      | Reached XP level 2. HP: 19/24 MP: 2/2
   171 | D:1      | Reached skill level 3 in Axes
   254 | D:1      | Reached XP level 3. HP: 29/29 MP: 3/3
   729 | D:2      | Reached skill level 4 in Axes
   729 | D:2      | Reached XP level 4. HP: 34/35 MP: 4/4
  1152 | D:2      | Found a deep blue altar of Sif Muna.
  1451 | D:3      | Found a sacrificial altar of Ru.
  1500 | D:3      | Reached XP level 5. HP: 41/41 MP: 5/5
  1553 | D:3      | Noticed an ogre
  1557 | D:3      | Killed an ogre
  1557 | D:3      | Reached skill level 5 in Axes
  1716 | D:3      | Reached XP level 6. HP: 47/47 MP: 6/6
  1892 | D:4      | Reached skill level 6 in Axes
  2173 | D:4      | Reached skill level 7 in Axes
  2173 | D:4      | Reached XP level 7. HP: 52/52 MP: 7/7
  2369 | D:4      | Noticed Ijyb
  2391 | D:4      | Killed Ijyb
  3076 | D:5      | Entered Level 5 of the Dungeon
  3185 | D:5      | Found a stormy altar of Qazlal.
  3339 | D:5      | Found a burning altar of Makhleb.
  3349 | D:5      | Found a shimmering altar of Xom.
  3425 | D:5      | Reached skill level 8 in Axes
  3687 | D:5      | Found an ancient bone altar of Kikubaaqudgha.
  3984 | D:6      | Reached XP level 8. HP: 45/58 MP: 8/8
  4076 | D:6      | Reached skill level 9 in Axes
  4211 | D:6      | Found a basalt altar of Yredelemnul.
  4253 | D:6      | Noticed Grinder
  4271 | D:6      | Killed Grinder
  4339 | D:6      | Found a runed door.
  4343 | D:6      | Noticed Crazy Yiuf
  4353 | D:6      | Killed Crazy Yiuf
  4678 | D:6      | Noticed Blork the orc
  4684 | D:6      | Killed Blork the orc
  4684 | D:6      | Reached skill level 10 in Axes
  5102 | D:7      | Noticed Menkaure
  5106 | D:7      | Reached skill level 5 in Shields
  5111 | D:7      | Killed Menkaure
  5111 | D:7      | Reached XP level 9. HP: 32/64 MP: 9/9
  5177 | D:7      | HP: 3/64 [orc warrior/mace (14)]
  5180 | D:7      | Found a hazy altar of Hepliaklqana.
  5674 | D:7      | HP: 3/64 [spriggan baker/dagger (8)]
  5675 | D:7      | Slain by a wight

Vault maps used:
D:1:      minmay_arrival_widening_spiral_wide,
          hangedman_abyss_or_decor_lesser_grid, kennysheep_decorative_pillar
D:2:      led_sif_pool, first_ration
D:3:      nicolae_ru_sacrificial_ziggurat
D:4:      uniq_ijyb
D:5:      grunt_temple_overflow_champion_of_chaos, kennysheep_mini,
          old_standard_altar
D:6:      yredelemnul_altar_generic, uniq_grinder, uniq_blork_the_orc,
          uniq_crazy_yiuf_cottage
D:7:      gammafunk_beogh_shrine, grunt_dithmenos_smoke, kennysheep_mini_moat,
          minmay_temple_entry_mist, st_stairs_7, the_bakery, uniq_menkaure

Skill      XL: |  1  2  3  4  5  6  7  8  9 |
---------------+----------------------------+-----
Axes           | 3 4 5 7 8 10 | 10.0
Shields        | 5 6 |  6.7
Fighting       | |  3.2
Armour         | |  3.2

Action                   |  1- 3 |  4- 6 |  7- 9 || total
-------------------------+-------+-------+-------++-------
Melee: War axe           |   109 |   141 |   284 ||   534
  Use: Scroll            |       |     2 |       ||     2
       Potion            |       |     1 |     3 ||     4
  Eat: Chunk             |       |     5 |     6 ||    11
       Ration            |       |       |     2 ||     2
Armor: Scale mail        |    50 |    56 |    94 ||   200
Dodge: Dodged            |    36 |    48 |    75 ||   159
Block: Shield            |    60 |    63 |   138 ||   261

Table legend:
 A = Spawn XP
 B = Non-spawn XP
 C = Spawn XP percentage of total XP
 D = Spawn monster count
 E = Non-spawn monster count
 F = Spawn count percentage of total count
 G = Total turns spent on level
                    A         B        C        D         E        F      G
               +---------+---------+-------+---------+---------+-------+---------
         Total |       0 |    2278 |   0.0 |       0 |     130 |   0.0 |  5675
               +---------+---------+-------+---------+---------+-------+---------
           D:1 |       0 |      43 |   0.0 |       0 |      24 |   0.0 |   591
           D:2 |       0 |      59 |   0.0 |       0 |      24 |   0.0 |   676
           D:3 |       0 |     176 |   0.0 |       0 |      20 |   0.0 |   599
           D:4 |       0 |     391 |   0.0 |       0 |      23 |   0.0 |  1210
           D:5 |       0 |     334 |   0.0 |       0 |      12 |   0.0 |   896
           D:6 |       0 |     847 |   0.0 |       0 |      15 |   0.0 |  1418
           D:7 |       0 |     428 |   0.0 |       0 |      12 |   0.0 |   285
               +---------+---------+-------+---------+---------+-------+---------
